 Dungeon Crawl Stone Soup version 0.28-a0-1429-gf3d713df7a (webtiles) character file.

Game seed: 7354873878392045146

947 HallandMoats the Shield-Bearer (level 7, -2/57 HPs)
             Began as a Demonspawn Fighter on Jan 9, 2022.
             Was a Believer of Ashenzari.
             Killed from afar by Pikel (14 damage)
             ... with an iceblast
             ... on level 6 of the Dungeon.
             The game lasted 00:07:01 (7184 turns).

HallandMoats the Shield-Bearer (Demonspawn Fighter) Turns: 7184, Time: 00:07:01

Health: -2/57      AC:  8    Str: 18    XL:     7   Next: 89%
Magic:  10/10      EV: 10    Int:  9    God:    Ashenzari [**....]
Gold:   229        SH:  5    Dex: 13    Spells: 6/6 levels left

rFire   . . .      SeeInvis +   f - +1 dagger (venom)
rCold   . . .      Faith    .   c - +0 buckler "Pangnostic Augurer" {Range, Self} (curse)
rNeg    . . .      Spirit   .   j - +0 scale mail "Failure of Ashenzari" {Comp, Bglg} (curse)
rPois   .          Reflect  .   (helmet restricted)
rElec   .          Harm     .   r - +0 cloak of Ashenzari's Oracle {Bglg, Comp} (curse)
rCorr   .          Rampage  .   (no gloves)
Will    .....                   (no boots)
Stlth   ..........              (no amulet)
HPRegen 0.19/turn               (no ring)
MPRegen 0.12/turn               (no ring)

@: no status effects
A: antennae 1, hooves 1, demonic guardian 1, spiny 1
a: Renounce Religion, Curse Item, Shatter the Chains


You were on level 6 of the Dungeon.
You worshipped Ashenzari.
Ashenzari was pleased with you.
You visited 1 branch of the dungeon, and saw 6 of its levels.

You collected 229 gold pieces.

Inventory:

Hand Weapons
 a - a +0 war axe
 f - a +1 dagger of venom (weapon)
Missiles
 l - a throwing net (quivered)
Armour
 c - the cursed +0 buckler "Pangnostic Augurer" (worn) {Range, Self}

   It has a curse which improves the following skills: Ranged Combat: Slings,
   Bows, Crossbows and Throwing.
   Introspection: Fighting and Spellcasting.
 j - the cursed +0 scale mail "Failure of Ashenzari" (worn) {Comp, Bglg}

   It has a curse which improves the following skills: Companions: Summonings
   and Necromancy.
   Beguiling: Conjurations, Hexes and Translocations.
 r - the cursed +0 cloak of Ashenzari's Oracle (worn) {Bglg, Comp}
   (You found it on level 3 of the Dungeon)

   It has a curse which improves the following skills: Beguiling: Conjurations,
   Hexes and Translocations.
   Companions: Summonings and Necromancy.
Jewellery
 m - a ring of fire
Wands
 g - a wand of charming (5)
 q - a wand of digging (2)
Scrolls
 e - a scroll of brand weapon
 h - 3 scrolls of teleportation
 o - 2 scrolls of blinking
Potions
 b - a potion of heal wounds
 d - 2 potions of might
 i - a potion of brilliance
 k - 4 potions of curing
 n - a potion of flight


   Skills:
 + Level 4.4(5.6) Fighting
 + Level 3.6 Axes
 + Level 4.1 Armour
 + Level 2.9 Dodging
 * Level 5.1 Shields
 + Level 4.0 Invocations


You had 6 spell levels left.
You didn't know any spells.
Your spell library contained the following spells:

 Spells                   Type           Power      Damage    Failure   Level
 Pain                     Necr           0%         1d4       82%         1
 Sublimation of Blood     Necr           0%         N/A       91%         2
 Passwall                 Tmut/Erth      0%         N/A       94%         2
 Wereblood                Tmut           0%         N/A       94%         2
 Swiftness                Air            0%         N/A       99%         3
 Summon Hydra             Summ           0%         N/A       100%        7


Dungeon Overview and Level Annotations

Branches:
Dungeon (6/15)
 Temple: D:4-7

Altars:
Ashenzari
Dithmenos
Elyvilon
Fedhas
Qazlal
Sif Muna
Trog
Xom
Zin
The Shining One

Annotations:
D:6 Pikel


Innate Abilities, Weirdness & Mutations

You have a pair of small antennae on your head.
You have large cloven feet.
A weak demonic guardian rushes to your aid.
You are partially covered in sharp spines.


Message History

You barely miss the lemure. Your kick misses the lemure.
The lemure is moderately wounded.
You block the lemure's attack.
You hit the lemure.
The lemure looks as sick as possible!
The lemure is heavily wounded.
The lemure hits you.
* * * LOW HITPOINT WARNING * * *
You hit the lemure but do no damage. You kick the lemure.
The lemure is heavily wounded.
The lemure misses you.
You closely miss the lemure. You kick the lemure.
The lemure is almost dead.
You kill the lemure!
That felt strangely unrewarding.
You closely miss the lemure. You kick the lemure.
The lemure is moderately wounded.
You block the lemure's attack.
You hit the lemure.
The lemure is poisoned.
The lemure is moderately wounded.
The lemure hits you but does no damage.
You hit the lemure but do no damage.
The lemure looks as sick as possible!
The lemure is moderately wounded.
The lemure barely misses you.
You hit the lemure but do no damage.
The lemure looks as sick as possible!
The lemure is heavily wounded.
The lemure is struck by your spines. The lemure hits you.
* * * LOW HITPOINT WARNING * * *
You barely miss Pikel. You kick Pikel.
Pikel is moderately wounded.
You closely miss Pikel. You kick Pikel.
Pikel is moderately wounded.
Pikel is struck by your spines.
Pikel hits you with a +1 whip of freezing.
* * * LOW HITPOINT WARNING * * *
Pikel freezes you.
* * * LOW HITPOINT WARNING * * *
You kill the lemure!
That felt strangely unrewarding.
Pikel zaps a wand.
The mass of ice explodes!
The iceblast engulfs you!
You die...

#........#.....#....#
#........#.....#....#
##########.....#....#
#..............#....#
#..............#....#
#..............#....#
#..............#....#
#.........######....#
###########...@.....#
#........#..........#
#........'..K.......#
#........##5#####...#
####'#####.Z....#####
#...............#
#...............#
#............5Z.#
#...............#


You could see Pikel, a lemure and a water moccasin zombie.

Vanquished Creatures
  2 necrophages
  3 lemures (D:6)
  A scorpion (D:5)
  2 water moccasin skeletons (D:5)
  A bullfrog zombie (D:5)
  A centaur skeleton (D:5)
  2 hounds
  2 orc priests (D:4)
  3 bullfrog skeletons
  Jessica (D:3)
  4 iguanas
  7 gnolls
  5 adders
  2 worms (D:3)
  2 dart slugs
  3 orcs (D:4)
  4 endoplasms
  3 giant cockroaches
  5 goblins
  4 hobgoblins
  3 jackals
  6 quokkas
  3 ball pythons (D:1)
  6 bats
  2 frilled lizards
  12 kobolds
  4 rats
93 creatures vanquished.

Vanquished Creatures (collateral kills)
  3 gnolls
  A hobgoblin (D:3)
  A jackal (D:3)
  A kobold (D:2)
6 creatures vanquished.

Vanquished Creatures (others)
  A plant (D:4)
1 creature vanquished.

Grand Total: 100 creatures vanquished

Notes
Turn   | Place    | Note
-------+----------+-------------------------------------------
     0 | D:1      | HallandMoats the Demonspawn Fighter began the quest for the
                  | Orb.
     0 | D:1      | Reached XP level 1. HP: 18/18 MP: 1/1
    24 | D:1      | Found a faded altar of an unknown god.
    35 | D:1      | Discovered your monstrous ancestry.
    35 | D:1      | Gained mutation: You have a pair of small antennae on your
                  | head. [demonic ancestry]
    35 | D:1      | Reached XP level 2. HP: 15/24 MP: 2/2
   151 | D:1      | Got Plato's Tome of Necromancy
   160 | D:1      | Prayed at the altar of an unknown god.
   160 | D:1      | Became a worshipper of Ashenzari the Shackled
   575 | D:1      | Reached skill level 3 in Shields
  1217 | D:2      | Gained mutation: A weak demonic guardian rushes to your
                  | aid. [demonic ancestry]
  1217 | D:2      | Reached XP level 3. HP: 12/29 MP: 3/3
  1241 | D:2      | Reached skill level 1 in Invocations
  1711 | D:2      | Reached skill level 1 in Dodging
  1960 | D:2      | Reached XP level 4. HP: 5/37 MP: 5/5
  3363 | D:3      | Found a blossoming altar of Fedhas.
  3401 | D:3      | Gained mutation: You have large cloven feet. [demonic
                  | ancestry]
  3401 | D:3      | Reached XP level 5. HP: 19/42 MP: 6/6
  3732 | D:3      | Noticed a necrophage
  3754 | D:3      | Killed a necrophage
  3761 | D:3      | Found a shimmering altar of Xom.
  3761 | D:3      | Noticed an angel
  3777 | D:3      | Reached skill level 4 in Shields
  3777 | D:3      | Reached XP level 6. HP: 26/48 MP: 7/7
  4055 | D:3      | Noticed Jessica
  4060 | D:3      | Killed Jessica
  4522 | D:3      | Found a bloodstained altar of Trog.
  5078 | D:3      | Reached * piety under Ashenzari
  5200 | D:4      | Found a stormy altar of Qazlal.
  5376 | D:4      | Gained mutation: You are partially covered in sharp spines.
                  | [demonic ancestry]
  5376 | D:4      | Reached XP level 7. HP: 49/55 MP: 9/9
  5449 | D:4      | Found a shimmering blue altar of Sif Muna.
  5450 | D:4      | Found a shadowy altar of Dithmenos.
  5986 | D:5      | Entered Level 5 of the Dungeon
  6198 | D:5      | Reached ** piety under Ashenzari
  6577 | D:5      | Reached skill level 5 in Shields
  7136 | D:6      | Noticed Pikel
  7184 | D:6      | Killed from afar by Pikel

Illustrated notes

Levels and vault maps discovered:
D:1:      tarquinn_simple_flora_water_f, layout_loops_ring,
          shapermc_ecumenical_altar_rom_forum
D:2:      layout_loops_ring, serial_co_window_serial, co_window_corner_a,
          co_window_paths_a, co_window_paths_a, co_window_of_opportunity_a,
          co_window_paths_a, co_window_corner_b, co_window_cross_4,
          co_window_corner_ca, co_window_corner_ca, co_window_corner_cb,
          co_window_unsneaky_path_d, co_window_paths_e, co_window_4corner_b,
          glass_columns_b, glass_columns_a, grunt_ministairs_2,
          serial_bayou_pond_c
D:3:      layout_basic, grunt_temple_overflow_order_and_chaos_1,
          lightli_temple_of_fire, mainiacjoe_overflow_six_doors_small,
          hangedman_decor_riveting, uniq_jessica
D:4:      layout_loops_corners, gammafunk_temple_overflow_forgotten,
          old_standard_altar, tso_oasis_becter
D:5:      layout_gridville, grunt_decor_mini_mirrors
D:6:      layout_gridville, minmay_temple_entry_sparse_star,
          gammafunk_ghost_cemetery, minivault_1, amcnicky_mini_pool_medium,
          uniq_pikel

Skill      XL: |  1  2  3  4  5  6  7 |
---------------+----------------------+-----
Axes           | 2 3 |  3.6
Shields        | 3 4 5 |  5.1
Invocations    | 1 2 3 4 |  4.0
Armour         | 3 4 |  4.1
Dodging        | 1 2 |  2.9
Fighting       | 4 |  4.4

Action                   |  1- 3 |  4- 6 |  7- 9 || total
-------------------------+-------+-------+-------++-------
Melee: War axe           |    59 |       |       ||    59
       Mace              |    30 |       |       ||    30
       Dagger            |    36 |   153 |    95 ||   284
       Kick              |       |    39 |    33 ||    72
Invok: Curse Item        |     1 |     1 |     1 ||     3
  Use: Potion            |     2 |       |       ||     2
 Stab: Distracted        |       |       |     1 ||     1
Armor: Scale mail        |    46 |    45 |    38 ||   129
Dodge: Dodged            |    68 |    55 |    34 ||   157
Block: Buckler           |    34 |    32 |    20 ||    86

Table legend: (Time is in decaauts)
 A = Elapsed time spent in this place.
 B = Non-inter-level travel time spent in this place.
 C = Inter-level travel time spent in this place.
 D = Time resting spent in this place.
 E = Time spent auto-exploring this place.
 F = Levels seen in this place.
 G = Mean time per level.
                   A        B        C        D        E       F      G
               +--------+--------+--------+--------+--------+-----+--------+
         Total |   7236 |   6895 |    341 |    775 |   5139 |   6 | 1206.0 |
       Dungeon |   7236 |   6895 |    341 |    775 |   5139 |   6 | 1206.0 |
               +--------+--------+--------+--------+--------+-----+--------+

Top non-repeatable levels by time:
     D:2: 2079 daAuts
     D:3: 1544 daAuts
     D:4: 1210 daAuts
     D:1: 1200 daAuts
     D:5: 1043 daAuts
     D:6: 157 daAuts
